 Dungeon Crawl Stone Soup version 0.22-a0-429-g97ce8ef (webtiles) character file.

16 emperorscorpion the Shield-Bearer (level 2, -1/21 HPs)
             Began as a Minotaur Fighter on May 25, 2018.
             Succumbed to Terence's poison
             ... on level 2 of the Dungeon.
             The game lasted 00:00:36 (201 turns).

emperorscorpion the Shield-Bearer (Minotaur Fighter) Turns: 201, Time: 00:00:37

Health: -1/21      AC:  7    Str: 20    XL:     2   Next: 41%
Magic:  1/1        EV:  7    Int:  5    God:
Gold:   17         SH:  9    Dex:  9    Spells: 1/1 levels left

rFire    . . .     SeeInvis .   a - +0 war axe
rCold    . . .     Gourm    .   c - +0 shield
rNeg     . . .     Faith    .   b - +0 scale mail
rPois    .         Spirit   .   (helmet restricted)
rElec    .         Reflect  .   (no cloak)
rCorr    .         Harm     .   (no gloves)
MR       .....     Rnd*Rage +   (no boots)
Stlth    ..........             (no amulet)
HPRegen  0.07/turn              (no ring)
MPRegen  0.07/turn              (no ring)

@: lethally poisoned (-1 -> -57)
A: retaliatory headbutt, horns 2, berserk 1, frail 2, MP-powered wands
a: no special abilities


You were on level 2 of the Dungeon.
You were not hungry.

You visited 1 branch of the dungeon, and saw 2 of its levels.

You collected 17 gold pieces.

Inventory:

Hand Weapons
 a - a +0 war axe (weapon)
Armour
 b - a +0 scale mail (worn)
 c - a +0 shield (worn)
Scrolls
 h - 2 scrolls of identify {unknown}
 j - a scroll of remove curse {unknown}
Potions
 d - a potion of might
Comestibles
 f - 2 rations
 i - 3 chunks of flesh


   Skills:
 + Level 4.0 Fighting
 + Level 2.5 Axes
 + Level 3.7 Armour
 + Level 4.1 Shields


You had one spell level left.
You didn't know any spells.
Your spell library was empty.

Dungeon Overview and Level Annotations

Branches:
Dungeon (2/15)

Altars:
Okawaru

Annotations:
D:2 Terence


Innate Abilities, Weirdness & Mutations

You reflexively headbutt those who attack you in melee.
You have a pair of horns on your head.
You tend to lose your temper in combat.
You are very frail. (-20% HP)
You expend magic power (3 MP) to strengthen your wands.


Message History

Terence is almost dead.
* * * LOW HITPOINT WARNING * * *
You feel extremely sick.
Terence hits you with a short sword of venom.
* * * LOW HITPOINT WARNING * * *
You are more poisoned.
* * * LOW HITPOINT WARNING * * *
You feel very sick.
Unknown command.
You closely miss Terence. You headbutt Terence, but do no damage.
Terence is almost dead.
You feel less invigorated.
You feel less confused.
* * * LOW HITPOINT WARNING * * *
You feel very sick. Terence closely misses you.
Terence hits you but does no damage.
It was a potion of mutation.
You feel extremely strange.
You feel frail. x2; You feel a little pissed off.
You feel your magical essence link to your wands.
You die...

#.#.#........#..##.#
#.#.##########...#.#
#####'#.........
+...#.#
#...[........#
#...#.###
#............#
##+##....
#............#####
#####
#.................
#.................
#.....#..@........
###..#.#.@.#......
#.#._.#.)######.
#..#.#..## #...#...$
#........#
##.......# #.......#
#.......#


You could see Terence.

Vanquished Creatures
  An adder (D:2)
  A bat (D:2)
  2 giant cockroaches (D:2)
  A goblin (D:2)
  A quokka (D:2)
  A frilled lizard (D:2)
7 creatures vanquished.

Notes
Turn   | Place    | Note
-------+----------+-------------------------------------------
     0 | D:1      | emperorscorpion the Minotaur Fighter began the quest for the Orb.
     0 | D:1      | Reached XP level 1. HP: 19/19 MP: 0/0
   164 | D:2      | Reached XP level 2. HP: 25/27 MP: 1/1
   176 | D:2      | Found an iron altar of Okawaru.
   183 | D:2      | Noticed Terence
   201 | D:2      | Gained mutation: You are frail. (-10% HP) [potion of mutation]
   201 | D:2      | Gained mutation: You are very frail. (-20% HP) [potion of mutation]
   201 | D:2      | Gained mutation: You tend to lose your temper in combat. [potion of mutation]
   201 | D:2      | Gained mutation: You expend magic power (3 MP) to strengthen your wands. [potion of mutation]
   201 | D:2      | Succumbed to Terence's poison

Vault maps used:
D:1:      dpeg_arrival_tiny_a
D:2:      gammafunk_temple_overflow_forgotten, okawaru_metal_pillars_3,
          minmay_misc_feat_secret_circle, grunt_ministairs_3,
          minmay_misc_feat_chi, hangedman_abyss_or_decor_stabs, uniq_terence

Skill      XL: |  1 |
---------------+----+-----
Fighting       | 4 |  4.0
Shields        | 4 |  4.1
Axes           | |  2.5
Armour         | |  3.7

Action                   || total
-------------------------++-------
Melee: War axe           ||    26
       Headbutt          ||     3
  Use: Potion            ||     2
Armor: Scale mail        ||    20
Dodge: Dodged            ||    10
Block: Shield            ||     7

Table legend:
 A = Spawn XP
 B = Non-spawn XP
 C = Spawn XP percentage of total XP
 D = Spawn monster count
 E = Non-spawn monster count
 F = Spawn count percentage of total count
 G = Total turns spent on level
                    A         B        C        D         E        F      G
               +---------+---------+-------+---------+---------+-------+---------
         Total |       0 |      24 |   0.0 |       0 |       7 |   0.0 |   201
               +---------+---------+-------+---------+---------+-------+---------
           D:2 |       0 |      24 |   0.0 |       0 |       7 |   0.0 |   178
               +---------+---------+-------+---------+---------+-------+---------
